 Dungeon Crawl Stone Soup version 0.31.0-12-g77e489cdc1 (webtiles) character file.

Game seed: 11778127651196411871

17 Gadfly the Sneak (level 2, -4/14 HPs)
             Began as a Spriggan Enchanter on Feb 17, 2024.
             Slain by a hobgoblin (5 damage)
             ... on level 1 of the Dungeon.
             The game lasted 00:00:36 (340 turns).

Gadfly the Sneak (Spriggan Enchanter)                Turns: 340, Time: 00:00:37

Health: -4/14      AC:  2    Str:  4    XL:     2   Next: 44%
Magic:  7/7        EV: 17    Int: 16    God:
Gold:   29         SH:  0    Dex: 15    Spells: 5/7 levels left

rFire   . . .        a - +1 dagger
rCold   . . .        (no shield)
rNeg    . . .        f - +0 robe
rPois   .            (helmet restricted)
rElec   .            (no cloak)
rCorr   .            (gloves unavailable)
SInv    +            (boots unavailable)
Will    .....        (no amulet)
Stlth   +++          (no ring)
HPRegen 0.22/turn    (no ring)
MPRegen 0.10/turn

%: no passive effects
@: very quick
A: very small, no large weapons, unfitting armour, see invisible, speed 3
a: no special abilities


You were on level 1 of the Dungeon.
You visited 1 branch of the dungeon, and saw 1 of its levels.

You collected 29 gold pieces.

Inventory:

Hand Weapons
 a - a +1 dagger (weapon)
Armour
 f - a +0 robe (worn)
Magical Staves
 b - a staff of cold
Scrolls
 e - a scroll of blinking {unknown}
Potions
 c - 2 potions of invisibility
 d - 2 potions of attraction {unknown}


   Skills:
 + Level 0.4 Fighting
 + Level 1.4 Short Blades
 + Level 2.9 Dodging
 + Level 4.6 Stealth
 + Level 3.0 Spellcasting
 + Level 3.7 Hexes
 + Level 0.8 Evocations


You had 5 spell levels left.
You knew the following spells:

 Your Spells              Type           Power      Damage    Failure   Level
a - Ensorcelled Hibernat  Hex/Ice        16%        N/A       13%         2

Your spell library contained the following spells:

 Spells                   Type           Power      Damage    Failure   Level
 Confusing Touch          Hex            14%        N/A       12%         3
 Tukima's Dance           Hex            14%        N/A       12%         3
 Dazzling Flash           Conj/Hex       16%        N/A       26%         3


Dungeon Overview and Level Annotations

Branches:
Dungeon (1/15)

Altars:


Innate Abilities, Weirdness & Mutations

You are very small and have problems with some larger weapons.
You are too small for most types of armour.
You have supernaturally acute eyesight. (SInv)
You cover ground extremely quickly. (Speed+++)


Message History

The hobgoblin completely misses you.
You closely miss the hobgoblin.
You punch the hobgoblin, but do no damage.
The hobgoblin is severely wounded.
The hobgoblin hits you.
You are too injured to fight recklessly!
You are too injured to fight recklessly!
You are too injured to fight recklessly!
You are too injured to fight recklessly!
You are too injured to fight recklessly!
You are too injured to fight recklessly!
You are too injured to fight recklessly!
You are too injured to fight recklessly!
You are too injured to fight recklessly!
You are too injured to fight recklessly!
You are too injured to fight recklessly!
You are too injured to fight recklessly!
You are too injured to fight recklessly!
You are too injured to fight recklessly!
You are too injured to fight recklessly!
You are too injured to fight recklessly!
You are too injured to fight recklessly!
You hit the hobgoblin.
The hobgoblin is almost dead.
The hobgoblin closely misses you.
You hit the hobgoblin but do no damage.
The hobgoblin is almost dead.
The hobgoblin hits you.
You hit the hobgoblin but do no damage.
The hobgoblin is almost dead.
The hobgoblin hits you.
* * * LOW HITPOINT WARNING * * *
You barely miss the hobgoblin.
The hobgoblin is almost dead.
The hobgoblin hits you.
* * * LOW HITPOINT WARNING * * *
You closely miss the hobgoblin.
The hobgoblin is almost dead.
The hobgoblin hits you.
You die...

........^~
#..................+
......♣..~
#......#...........#
.♣♣♣.♣♣PP♣
#......#...........#
.P .P♣ ♣♣
###...##...........
^. ^.♣
#.#.##.......... ~~♣
~~♣
####...##.########
~P♣ ................
8♣♣
#########..#.#####
#......@gr.......#
#.#..####.#...##..
#. #......#..#
#.......#.#.....
##.#.#....# .### ..
#......+ . ####...#
.# ....# ....#


You could see a hobgoblin and a rat.

Vanquished Creatures
  A dart slug (D:1)
  2 endoplasms (D:1)
  A giant cockroach (D:1)
  A goblin (D:1)
  3 kobolds (D:1)
  2 quokkas (D:1)
  3 ball pythons (D:1)
  A bat (D:1)
  A frilled lizard (D:1)
15 creatures vanquished.

Notes
Turn   | Place    | Note
-------+----------+-------------------------------------------
     0 | D:1      | Gadfly the Spriggan Enchanter began the quest for the Orb.
     0 | D:1      | Reached XP level 1. HP: 9/9 MP: 5/5
    75 | D:1      | Reached XP level 2. HP: 13/13 MP: 6/6
   167 | D:1      | Learned a level 2 spell: Ensorcelled Hibernation
   340 | D:1      | Slain by a hobgoblin

Illustrated notes

Levels and vault maps discovered:
D:1:      psy_arrival_wood_between_worlds, layout_basic, wad_woods_river_04,
          minmay_pentomino_x4

Skill      XL: |  1  2 |
---------------+-------+-----
Spellcasting   | 3 |  3.0
Fighting       | |  0.4
Short Blades   | |  1.4
Dodging        | |  2.9
Stealth        | |  4.6
Hexes          | |  3.7
Evocations     | |  0.8

Action                     || total
---------------------------++-------
  Melee: Dagger            ||    59
         Punch             ||     1
   Cast: Ensorcelled Hiber ||     1
   Stab: Sleeping          ||     6
 Armour: Robe              ||    23
  Dodge: Dodged            ||    44
